 Dungeon Crawl Stone Soup version 0.32-a0-900-g30fb1b0edc (webtiles) character file.

Game seed: 15940280868071119173

4832 Cancer the Geomancer (level 10, -8/56 HPs)
             Began as a Gargoyle Earth Elementalist on Apr 6, 2024.
             Was a Believer of Vehumet.
             Mangled by a two-headed ogre
             ... wielding a +0 giant spiked club
              (31 damage)
             ... on level 8 of the Dungeon.
             The game lasted 00:24:05 (8305 turns).

Cancer the Geomancer (Gargoyle Earth Elementalist)  Turns: 8305, Time: 00:24:06

Health: -8/56      AC: 15    Str: 11    XL:     10   Next: 49%
Magic:  4/21       EV: 11    Int: 27    God:    Vehumet [**....]
Gold:   376        SH:  0    Dex: 10    Spells: 14/23 levels left

rFire   . . .        K - +3 spear (venom)
rCold   . . .        (no shield)
rNeg    + . .        N - +0 steam dragon scales
rPois   ∞            (no helmet)
rElec   +            (no cloak)
rCorr   .            (no gloves)
SInv    +            f - +1 pair of boots
Will    .....        (no amulet)
Stlth   +++          j - +6 ring of intelligence
HPRegen 0.29/turn    G - ring of see invisible
MPRegen 0.17/turn

%: no passive effects
@: no status effects
A: sickness immunity, AC +7, negative energy resistance 1, electricity
resistance, torment resistance 1, petrification resistance
a: Renounce Religion


You were on level 8 of the Dungeon.
You worshipped Vehumet.
Vehumet was pleased with you.
You visited 2 branches of the dungeon, and saw 9 of its levels.
You also visited: Sewer.

You collected 376 gold pieces.

Inventory:

Hand Weapons
 k - the +0 war axe of Drought {antimagic, rPois Int+2}
   (You found it on level 2 of the Dungeon)

   Int+2:     It affects your intelligence (+2).
   rPois:     It protects you from poison.
 K - a +3 spear of venom (weapon)
Armour
 f - a +1 pair of boots (worn)
 N - +0 steam dragon scales (worn)
Jewellery
 j - a +6 ring of intelligence (left hand)
 m - a ring of protection from cold
 D - a ring of positive energy
 G - a ring of see invisible (right hand)
Wands
 r - a wand of warping (8)
 E - a wand of flame (12)
 H - a wand of mindburst (13)
Scrolls
 c - 3 scrolls of amnesia {unknown}
 d - 11 scrolls of identify {unknown}
 g - 4 scrolls of fog {unknown}
 i - 3 scrolls of poison {unknown}
 l - a scroll of enchant armour {unknown}
 n - a scroll of vulnerability {unknown}
 o - a scroll of noise {unknown}
 p - a scroll of immolation {unknown}
 q - 5 scrolls of teleportation {unknown}
 s - 2 scrolls of fear {unknown}
 y - a scroll of butterflies {unknown}
 B - a scroll of blinking {unknown}
 C - a scroll of torment {unknown}
 I - a scroll of brand weapon {unknown}
Potions
 b - 4 potions of magic
 e - 7 potions of curing {unknown}
 h - 3 potions of might {unknown}
 t - 2 potions of haste {unknown}
 u - 4 potions of invisibility {unknown}
 v - a potion of resistance {unknown}
 w - a potion of brilliance {unknown}
 z - a potion of heal wounds {unknown}
 A - 2 potions of mutation {unknown}
 F - a potion of berserk rage {unknown}
 J - a potion of cancellation {unknown}
 L - a potion of attraction {unknown}
 M - 2 potions of lignification {unknown}


   Skills:
 + Level 3.1 Fighting
 - Level 4.0 Armour
 - Level 1.5 Dodging
 + Level 4.9 Stealth
 + Level 7.4 Spellcasting
 + Level 8.6 Conjurations
 - Level 2.0 Translocations
 + Level 10.1 Earth Magic


You had 14 spell levels left.
You knew the following spells:

 Your Spells              Type           Power      Damage    Failure   Level
a - Sandblast             Erth           100%       2d20      1%          1
b - Stone Arrow           Conj/Erth      100%       3d13      1%          3
c - Passwall              Erth           59%        N/A       1%          3
d - Blink                 Tloc           40%        N/A       3%          2

Your spell library contained the following spells:

 Spells                   Type           Power      Damage    Failure   Level
 Scorch                   Fire           20%        2d5       9%          2
 Magic Dart               Conj           100%       1d8       1%          1
 Sting                    Conj/Alch      100%       1d9       1%          1
 Brom's Barrelling Bould  Conj/Erth      57%        2d7       1%          4
 Apportation              Tloc           40%        N/A       2%          1
 Necrotise                Necr           40%        1d6       5%          1
 Slow                     Hex            40%        N/A       5%          1
 Summon Small Mammal      Summ           40%        N/A       5%          1
 Petrify                  Alch/Erth      37%        N/A       7%          4
 Call Imp                 Summ           20%        N/A       9%          2
 Confusing Touch          Hex            10%        N/A       17%         3
 Vampiric Draining        Necr           10%        2d6       17%         3
 Borgnjor's Vile Clutch   Necr/Erth      18%        N/A       19%         5
 Alistair's Intoxication  Alch           6%         N/A       83%         5
 Eringya's Noxious Bog    Alch           5%         4d6       100%        6


Dungeon Overview and Level Annotations

Branches:
Dungeon (8/15)             Temple (1/1) D:5           Sewer (visited)
   Lair: D:8-11

Altars:
Ashenzari
Cheibriados
Dithmenos
Elyvilon
Fedhas
Gozag
Hepliaklqana
Kikubaaqudgha
Makhleb
Nemelex Xobeh
Okawaru
Qazlal
Sif Muna
Uskayaw
Vehumet
Xom
Yredelemnul
Zin
The Shining One
Lugonu

Shops:
D:5 *

Portals:
Bailey: D:8

Annotations:
D:5 1 runed translucent door, Crazy Yiuf
D:8 3wight,2head


Innate Abilities, Weirdness & Mutations

You are immune to sickness and miasma.
Your stone body is resilient. (AC +7)
You are immune to poison.
You resist negative energy. (rN+)
You are resistant to electric shocks. (rElec)
You are resistant to unholy torment.
You are immune to petrification.


Message History

The two-headed ogre shouts in stereo!
An orc comes into view. It is wielding a +0 short sword.
An orc wizard comes into view. It is wielding a +0 hand axe.
Things that are here:
a +0 falchion; a +0 robe 2 goblins come into view.
You enter the shallow water.
Moving in this stuff is going to be slow.
A goblin comes into view. It is wielding a +0 hand axe.
Found a flagged portal.
The goblin shouts! x2; You hear a shout!
A goblin comes into view. It is wielding a +0 hand axe.
The goblin hits you but does no damage. The goblin hits you with a +0 hand axe.
The goblin closely misses you.
Casting: Sandblast (safe; 1% risk of failure)
Confirm with . or Enter, or press ? or * to list all spells.
Aiming: Stone Arrow (safe; 1% risk of failure)
Press: ? - help, Shift-Dir - straight line, f - goblin
Aim: a goblin, wielding a +0 hand axe (72% to hit)
The stone arrow hits the goblin!!
You kill the goblin!
Vehumet accepts your kill.
You feel your power returning.
The goblin shouts!
The goblin hits you but does no damage. The goblin closely misses you.
The goblin hits you with a +0 hand axe. The goblin hits you but does no damage.
Things that are here:
a +0 hand axe; a goblin corpse
Casting: Stone Arrow (safe; 1% risk of failure)
Confirm with . or Enter, or press ? or * to list all spells.
Aiming: Stone Arrow (safe; 1% risk of failure)
Press: ? - help, Shift-Dir - straight line, f - goblin
Aim: a goblin, wielding a +0 hand axe (72% to hit)
The stone arrow hits the goblin!!
You kill the goblin!
Vehumet accepts your kill.
You feel your power returning.
The two-headed ogre hits you with a +0 giant spiked club!!
Ouch! That really hurt!
You die...

.##........##.....#####
#.#.......####...###..##
.........##..#.†.# #.†.#
#...............####z.#### ##
#......~~≈~~~~........#..# ..
##.....≈#####~...........##
.##......~#...#~......#.....## .
z........~#.∩.#~...#..##.....# ..
#........~#gg@#~...#........##
...#........~##O##~...###......#
...O<.#.....~≈~~~~~...# #......##
..##..#.....).............###....
..............#....#.###......
..........####......## #.##...
#........... ....... #. ##..
............ ....... # #..
###.......... ##..... #.#


You could see a two-headed ogre and 2 goblins.

Vanquished Creatures
  A two-headed ogre (D:6)
  Prince Ribbit (D:5)
  A shadow (D:7)
  6 yaks (D:8)
  A wyvern (D:7)
  A steam dragon (D:8)
  2 water moccasins
  Duvessa (D:4)
  A black bear (D:4)
  An ice beast (D:5)
  5 sky beasts
  An ogre (D:5)
  A centaur (D:6)
  2 phantoms
  Blork the orc (D:5)
  6 kobold brigands
  2 scorpions
  A bullfrog (D:7)
  A gnoll sergeant (D:7)
  A wight (D:8)
  Dowan (D:4)
  A bombardier beetle (D:6)
  6 orc priests
  2 iguanas (D:6)
  3 sleepcaps
  5 orc wizards
  7 adders
  4 gnolls (D:7)
  2 white imps (D:6)
  2 dart slugs
  4 ribbon worms
  28 orcs
  6 endoplasms
  2 giant cockroaches (Sewer)
  7 hobgoblins
  4 jackals
  4 quokkas
  11 ball pythons
  4 bats
  A frilled lizard (Sewer)
  5 goblins
  18 kobolds
  4 rats
168 creatures vanquished.

Notes
Turn   | Place    | Note
-------+----------+-------------------------------------------
     0 | D:1      | Cancer the Gargoyle Earth Elementalist began the quest for
                  | the Orb.
     0 | D:1      | Reached XP level 1. HP: 10/10 MP: 3/3
   168 | D:1      | Reached XP level 2. HP: 15/15 MP: 1/5
   805 | D:1      | Reached skill level 4 in Earth Magic
  1108 | D:2      | Identified the +0 war axe of Drought {antimagic, rPois
                  | Int+2}
  1162 | D:2      | Reached XP level 3. HP: 19/19 MP: 2/6
  2159 | D:3      | Noticed a kobold brigand
  2160 | D:3      | Noticed a kobold brigand
  2171 | D:3      | Killed a kobold brigand
  2172 | D:3      | Reached XP level 4. HP: 24/24 MP: 3/8
  2172 | D:3      | Reached XP level 5. HP: 28/28 MP: 3/9
  2179 | D:3      | Killed a kobold brigand
  2180 | D:3      | Reached skill level 5 in Earth Magic
  2410 | D:3      | You fall into a shaft and drop 2 floors!
  2410 | D:5      | Entered Level 5 of the Dungeon
  2415 | D:5      | Learned a level 3 spell: Passwall
  2419 | D:5      | Learned a level 3 spell: Stone Arrow
  2422 | D:5      | Noticed a phantom
  2512 | D:5      | Noticed Blork the orc
  2527 | D:5      | Killed Blork the orc
  2528 | D:5      | Reached XP level 6. HP: 22/32 MP: 7/11
  2642 | D:5      | Found a glowing silver altar of Zin.
  2652 | D:5      | Noticed Prince Ribbit
  2663 | D:5      | Reached skill level 6 in Earth Magic
  2663 | D:5      | Reached XP level 7. HP: 36/36 MP: 4/13
  2677 | D:5      | Killed Prince Ribbit
  2678 | D:5      | Reached skill level 5 in Conjurations
  2744 | D:5      | Found Mick's Serpentskin Sales.
  2809 | D:5      | Found a glowing drain.
  2835 | Sewer    | Entered a sewer
  2960 | Sewer    | Reached skill level 5 in Spellcasting
  2960 | Sewer    | Reached skill level 7 in Earth Magic
  2960 | Sewer    | Reached XP level 8. HP: 41/41 MP: 12/15
  2979 | Sewer    | Learned a level 2 spell: Blink
  3190 | D:5      | Reached skill level 1 in Translocations
  3393 | D:5      | Found a staircase to the Ecumenical Temple.
  3522 | D:5      | Found a runed translucent door.
  3523 | D:5      | Noticed Crazy Yiuf
  3884 | Temple   | Entered the Ecumenical Temple
  3898 | Temple   | Became a worshipper of Vehumet
  4033 | D:4      | Found an opulent altar of Gozag.
  4034 | D:4      | Found a burning altar of Makhleb.
  4429 | D:4      | Found a sparkling altar of Nemelex Xobeh.
  4429 | D:4      | Noticed Dowan
  4429 | D:4      | Noticed Duvessa
  4442 | D:4      | Killed Dowan
  4456 | D:4      | Killed Duvessa
  4534 | D:4      | Reached skill level 8 in Earth Magic
  4557 | D:4      | Reached * piety under Vehumet
  4557 | D:4      | Offered knowledge of Kiss of Death by Vehumet.
  4695 | D:4      | Found a shimmering blue altar of Sif Muna.
  4724 | D:4      | Reached skill level 1 in Armour
  5536 | D:3      | Found a faded altar of an unknown god.
  5810 | D:4      | Found a blossoming altar of Fedhas.
  5865 | D:6      | Found a basalt altar of Yredelemnul.
  5926 | D:6      | Reached XP level 9. HP: 31/45 MP: 13/18
  6165 | D:6      | Found a snail-covered altar of Cheibriados.
  6378 | D:6      | Found a glowing golden altar of the Shining One.
  6471 | D:6      | Found an iron altar of Okawaru.
  6701 | D:6      | Noticed a two-headed ogre
  6714 | D:6      | Killed a two-headed ogre
  6717 | D:6      | Reached skill level 9 in Earth Magic
  7124 | D:7      | Reached skill level 1 in Fighting
  7321 | D:7      | Reached XP level 10. HP: 45/53 MP: 14/20
  7714 | D:7      | Found a stormy altar of Qazlal.
  7820 | D:7      | Found a white marble altar of Elyvilon.
  8021 | D:8      | Noticed a two-headed ogre
  8090 | D:8      | Found an ancient bone altar of Kikubaaqudgha.
  8236 | D:8      | Reached skill level 10 in Earth Magic
  8245 | D:8      | Reached ** piety under Vehumet
  8271 | D:8      | Offered knowledge of Scorch by Vehumet.
  8301 | D:8      | Found a flagged portal.
  8305 | D:8      | Mangled by a two-headed ogre

Illustrated notes

Levels and vault maps discovered:
D:1:      lemuel_arrival_muddy, layout_loops_ring, st_stairs_9
D:2:      layout_basic
D:3:      cheibrodos_thug_alley, layout_basic,
          dilly_ecumenical_altar_fadedgnrine, kennysheep_generic_room_7
D:4:      layout_loops_ring, mainiacjoe_overflow_surrounded_room,
          mainiacjoe_overflow_tiny_flanked, nicolae_overflow_hidden_temple,
          chequers_serial_rivers_large_b, nicolae_letterblocks
          [nicolae_letter_subblock, nicolae_letter_subblock,
          nicolae_letter_subblock, nicolae_letter_subblock,
          nicolae_letter_subblock, nicolae_letter_subblock,
          nicolae_letter_subblock, nicolae_letter_subblock,
          nicolae_letter_subblock, nicolae_letter_subblock,
          nicolae_letter_subblock, nicolae_letter_subblock,
          nicolae_letter_subblock, nicolae_letter_subblock,
          nicolae_letter_subblock, nicolae_letter_subblock,
          nicolae_letter_subblock, nicolae_letter_subblock,
          nicolae_letter_subblock, nicolae_letter_subblock,
          nicolae_letter_subblock, nicolae_letter_subblock,
          nicolae_letter_subblock, nicolae_letter_subblock,
          nicolae_letter_subblock], uniq_duvessa
D:5:      layout_loops_cross, mainiacjoe_overflow_cross_hatched,
          lemuel_temple_firewalk_a, cheibrodos_sewer_entry_bend,
          guppyfry_shop_venom, uniq_prince_ribbit1, uniq_crazy_yiuf_cottage,
          uniq_blork_the_orc
D:6:      layout_layer_cave, mainiacjoe_overflow_alcove_1,
          mainiacjoe_overflow_alcove_2, nicolae_tso_carved_into_rock,
          lemuel_tele_altar
D:7:      layout_cave_pods, grunt_qazlal_sundering,
          nicolae_elyvilon_peaceful_grove
D:8:      layout_cave_pools, trog_three_pillars_becter, lemuel_doored_altar,
          nzn_wu_jian_contemplation, enter_bailey_3,
          hangedman_abyss_or_decor_lesser_grid
Temple:   corrupted_temple

Skill      XL: |  1  2  3  4  5  6  7  8  9 10 |
---------------+-------------------------------+-----
Earth Magic    | 4 5 6 7 8 9 10 | 10.1
Conjurations   | 2 3 4 5 6 7 8 |  8.6
Spellcasting   | 3 4 5 6 7 |  7.4
Translocations | 2 |  2.0
Armour         | 1 4 |  4.0
Fighting       | 2 3 |  3.1
Stealth        | 3 4 |  4.9
Dodging        | |  1.5

Action                     |  1- 3 |  4- 6 |  7- 9 | 10-12 || total
---------------------------+-------+-------+-------+-------++-------
  Melee: Short sword       |       |       |     6 |       ||     6
         Spear             |       |       |       |    10 ||    10
   Cast: Sandblast         |    60 |    18 |   139 |    38 ||   255
         Stone Arrow       |       |     2 |    15 |    14 ||    31
         Passwall          |       |       |     2 |     1 ||     3
   Stab: Sleeping          |       |       |     1 |       ||     1
 Armour: Robe              |    14 |     4 |    12 |       ||    30
         Leather armour    |       |       |    26 |     5 ||    31
         Steam dragon scal |       |       |       |    27 ||    27
  Dodge: Dodged            |    20 |     4 |    34 |    21 ||    79

Table legend: (Time is in decaauts)
 A = Elapsed time spent in this place.
 B = Non-inter-level travel time spent in this place.
 C = Inter-level travel time spent in this place.
 D = Time resting spent in this place.
 E = Time spent auto-exploring this place.
 F = Levels seen in this place.
 G = Mean time per level.
                   A        B        C        D        E       F      G
               +--------+--------+--------+--------+--------+-----+--------+
         Total |   8524 |   7761 |    763 |    109 |   5500 |  10 |  852.4 |
       Dungeon |   8141 |   7404 |    737 |    109 |   5386 |   8 | 1017.6 |
        Temple |     28 |      2 |     26 |      0 |      0 |   1 |   28.0 |
         Sewer |    354 |    354 |      0 |      0 |    114 |   1 |  354.0 |
               +--------+--------+--------+--------+--------+-----+--------+

Top non-repeatable levels by time:
     D:5: 1358 daAuts
     D:3: 1282 daAuts
     D:4: 1249 daAuts
     D:6: 1235 daAuts
     D:7: 990 daAuts
     D:1: 959 daAuts
     D:2: 798 daAuts
   Sewer: 354 daAuts
     D:8: 266 daAuts
  Temple: 28 daAuts
